Map: Traitor's Exile

Players

PureLegacy - Winner!

  • Race: Terran Terran
  • Spawn Location: 6:00

LOADBLASTER - Winner!

  • Race: Terran Terran
  • League: Master
  • Spawn Location: 5:00

Lostway

  • Race: Zerg Zerg
  • League: Master
  • Spawn Location: 12:00

SecondOne

  • Race: Terran Terran
  • League: Master
  • Spawn Location: 9:00

VOD

Have the link to the VOD?

Description

Time

  • Played on: Nov. 26, 2018, 10:57 a.m.
  • Length: 7:36
Show
View Real Time Build Order
Export as new Build Order

PureLegacy Terran - Winner!

Build Orders:  

Get SALT Encoding   

  12  0:01  SCV  
  13  0:13  SCV  
  14  0:19  Supply Depot  
  14  0:26  SCV  
  15  0:34  Refinery  
  15  0:48  SCV  
  15  0:49  Barracks  
  16  1:00  SCV  
  17  1:05  Barracks  
  17  1:19  Barracks  
  17  1:26  SCV  
  18  1:37  Reaper  
  19  1:44  Orbital Command  
  19  1:56  Refinery  
  19  2:02  Reaper  
  19  2:05  Supply Depot  
  20  2:12  Reaper  
  20  2:13  Reaper  
  22  2:19  SCV  
  23  2:28  Supply Depot  
  23  2:34  Reaper  
  24  2:42  SCV  
  25  2:44  Reaper  
  25  2:49  Reaper  
  27  2:54  SCV  
  28  3:07  SCV  
  28  3:11  Reaper  
  30  3:14  Command Center  
  30  3:19  SCV  
  31  3:20  Reaper  
  31  3:24  Reaper  
  33  3:31  Supply Depot  
  33  3:43  Reaper  
  33  3:48  SCV  
  35  3:52  Reaper  
  36  4:01  Barracks  
  36  4:02  Barracks, Reaper  
  37  4:03  SCV  
  38  4:15  SCV  
  41  4:38  SCV  
  43  4:45  Orbital Command  
  43  4:47  Engineering Bay  
  43  4:48  Barracks Reactor x2  
  43  4:50  Barracks Tech Lab  
  39  4:55  Marine x2  
  39  4:57  SCV  
  39  4:59  Factory  
  41  5:16  Stimpack  
  41  5:19  Marine x3  
  44  5:22  Missile Turret  
  44  5:24  Missile Turret  
  44  5:30  Marine x2  
  44  5:32  Marine  
  44  5:33  Marine  
  42  5:57  Marine x4  
  42  6:01  Marine x3  
  42  6:02  Factory Reactor, Starport  
  46  6:06  SCV x2  
  48  6:16  Marine x4  
  48  6:18  SCV x2  
  52  6:22  Supply Depot  
  52  6:24  Barracks Reactor x2  
  52  6:28  Supply Depot  
  52  6:30  SCV x2  
  54  6:39  Marine x3  
  52  6:42  SCV x2  
  52  6:45  Marine x2  
  53  6:54  SCV x2  
  53  6:56  Supply Depot  
  53  6:59  Medivac x2  
  59  7:06  SCV  
  59  7:07  SCV  
  61  7:11  Marine x6  
  61  7:12  Marine  
  68  7:18  Supply Depot x2  
Show
View Real Time Build Order
Export as new Build Order

LOADBLASTER Terran - Winner!

Build Orders: Hellion Opening 

Get SALT Encoding   

  12  0:00  SCV  
  13  0:13  SCV  
  14  0:18  Supply Depot  
  14  0:25  SCV  
  15  0:31  Refinery  
  15  0:39  SCV  
  16  0:45  Barracks  
  16  0:51  SCV  
  17  1:03  SCV  
  18  1:16  SCV  
  19  1:33  Marine, Orbital Command  
  19  1:34  Factory  
  19  1:37  Supply Depot  
  20  1:53  Barracks Reactor  
  20  2:00  SCV  
  21  2:12  SCV, Command Center  
  22  2:24  SCV  
  23  2:34  Hellion x2  
  27  2:43  Supply Depot  
  27  2:47  Factory  
  27  2:56  Hellion x2  
  31  2:59  Barracks Tech Lab  
  31  3:00  SCV  
  32  3:12  SCV  
  32  3:17  Hellion x2  
  36  3:24  Orbital Command  
  36  3:26  SCV  
  37  3:38  Hellion, SCV  
  37  3:39  Hellion  
  37  3:41  Hellion  
  44  3:48  Supply Depot  
  44  3:52  Infernal Pre-Igniter  
  44  3:58  SCV x2  
  44  4:00  Hellion  
  48  4:03  Hellion  
  48  4:08  Supply Depot  
  50  4:10  Hellion  
  50  4:12  SCV  
  50  4:15  SCV  
  54  4:21  Hellion  
  56  4:28  Hellion  
  58  4:33  SCV  
  58  4:37  SCV  
  58  4:43  Hellion  
  58  4:45  Supply Depot  
  60  4:49  Hellion  
  61  4:52  Cyclone  
  61  4:53  SCV  
  61  4:58  SCV  
  57  5:01  Refinery  
  57  5:02  Refinery  
  57  5:04  Hellion  
  57  5:06  SCV  
  56  5:10  SCV  
  51  5:17  Hellion  
  51  5:18  SCV, Mag-Field Accelerator  
  48  5:25  Hellion  
  48  5:27  SCV  
  51  5:28  Refinery  
  51  5:30  SCV  
  51  5:32  Cyclone  
  55  5:39  Hellion, SCV  
  55  5:42  SCV  
  59  5:43  Supply Depot  
  59  5:47  Hellion  
  61  5:50  Factory  
  61  5:52  SCV  
  61  5:55  Barracks Tech Lab, SCV  
  63  6:00  Hellion  
  63  6:04  SCV  
  66  6:06  Cyclone  
  66  6:08  Hellion  
  71  6:12  Supply Depot  
  71  6:16  Supply Depot  
  71  6:21  Hellion  
  73  6:30  Hellion  
  75  6:35  SCV  
  75  6:38  Cyclone  
  79  6:41  Cyclone  
  79  6:43  Hellion  
  84  6:51  Hellion  
  86  6:57  Command Center  
  86  7:04  Armory x2, Hellion  
  88  7:11  SCV  
  88  7:12  Hellion  
  97  7:16  Supply Depot  
  97  7:17  SCV  
  95  7:23  SCV  
  95  7:31  Command Center  
Show
View Real Time Build Order
Export as new Build Order

Lostway Zerg 

Build Orders: Hatch First 

Get SALT Encoding   

  12  0:01  Drone  
  13  0:13  Overlord  
  13  0:18  Drone  
  14  0:31  Drone  
  14  0:32  Drone  
  14  0:35  Drone  
  17  0:46  Drone  
  18  0:59  Hatchery  
  18  1:00  Drone  
  18  1:02  Extractor  
  17  1:15  Spawning Pool  
  17  1:18  Drone  
  17  1:21  Drone  
  18  1:28  Drone  
  19  1:40  Overlord  
  19  1:51  Drone  
  20  2:03  Queen  
  20  2:05  Zergling x2  
  23  2:10  Queen  
  23  2:11  Zergling x2  
  23  2:12  Drone  
  27  2:22  Metabolic Boost  
  27  2:26  Drone  
  27  2:27  Drone  
  29  2:35  Drone  
  30  2:43  Hatchery  
  29  2:50  Drone x3  
  32  2:56  Evolution Chamber  
  31  3:03  Drone x2  
  32  3:12  Drone x3  
  35  3:13  Overlord  
  35  3:20  Overlord  
  35  3:25  Zerg Ground Armor Level 1  
  35  3:32  Zergling x2  
  35  3:33  Zergling x2  
  37  3:39  Drone x3  
  40  3:42  Zergling x4  
  40  3:43  Zergling x2  
  43  3:50  Drone  
  43  3:51  Drone x2, Zergling x2  
  43  3:53  Zergling x2  
  47  4:02  Zergling x6  
  50  4:11  Spine Crawler x2  
  50  4:13  Roach Warren  
  47  4:20  Zergling x8  
  50  4:33  Zergling x6  
  50  4:35  Zergling x2  
  50  4:37  Zergling x4  
  50  4:38  Zergling x6  
  54  4:50  Zergling x2  
  54  4:52  Zergling x6  
  49  4:53  Zergling x2  
  49  4:59  Zergling x2  
  44  5:00  Zergling x2  
  44  5:03  Zergling x2  
  38  5:15  Zergling x4  
  38  5:22  Drone x3  
  38  5:23  Queen  
  38  5:24  Drone  
  38  5:27  Spore Crawler  
  43  5:28  Queen  
  43  5:35  Roach x2  
  40  5:52  Roach x4  
  40  5:56  Zergling x2  
  44  6:01  Zergling x4  
  43  6:06  Drone  
  43  6:07  Drone  
  45  6:14  Drone x2  
  47  6:22  Drone  
  47  6:23  Drone  
  47  6:24  Drone  
  50  6:30  Lair, Drone  
  51  6:38  Drone x3  
  54  6:40  Drone  
  54  6:46  Drone x3  
  58  6:54  Extractor  
  58  6:55  Drone  
  58  6:58  Overlord  
  58  7:03  Overlord  
  56  7:11  Zergling x2  
  56  7:13  Overlord  
  57  7:16  Overlord, Extractor  
Show
View Real Time Build Order
Export as new Build Order

SecondOne Terran 

Build Orders: Hellion Banshee 

Get SALT Encoding   

  12  0:01  SCV  
  13  0:13  SCV  
  14  0:20  Supply Depot  
  14  0:25  SCV  
  15  0:31  Refinery  
  15  0:42  SCV  
  16  0:46  Barracks  
  16  0:54  SCV  
  17  0:58  Refinery  
  17  1:06  SCV  
  18  1:18  SCV  
  19  1:35  Factory, Orbital Command  
  19  1:39  Barracks Reactor  
  19  1:50  Supply Depot  
  19  2:01  SCV  
  20  2:13  SCV  
  21  2:24  Hellion x2  
  25  2:34  SCV  
  23  2:45  Hellion x2  
  23  2:46  SCV  
  23  2:51  Starport  
  28  2:58  SCV  
  29  3:00  Supply Depot  
  29  3:13  Hellion  
  31  3:22  SCV  
  31  3:24  Supply Depot  
  32  3:30  Starport Tech Lab  
  32  3:39  Hellion  
  34  3:41  Hellion  
  34  3:44  SCV  
  37  3:54  Banshee  
  40  4:03  Cloaking Field  
  40  4:08  Hellion  
  42  4:12  Supply Depot  
  28  4:41  Hellion x2  
  28  4:42  Banshee  
  33  4:53  Supply Depot  
  29  5:10  Widow Mine x2  
  29  5:12  SCV  
  13  5:24  SCV, Banshee  
  14  5:36  SCV  
  15  5:48  SCV  
  16  6:00  SCV  
  17  6:16  SCV  
  16  6:51  Banshee  
  19  6:59  SCV  
  20  7:11  SCV  
  21  7:23  SCV  
Tags
 
Add a new tag
Caveats
  • Supply blocks, unpowered buildings, or Contaminate may cause inaccurate times.
  • Supply counts are checked every 10 seconds.